AoeStats
← IDOLO MAXIMO

Nomad

509718656Analyzed
4v4 RM · 5d ago on Sep 27, 2026· 48m 58s· 8 players
Game mode
Random Map
Map size
231×231
Population
200
Speed
Normal
Resources
Standard
Victory
Conquest
Starting age
Dark Age
Ending age
Imperial Age
RankedLock teamsTeams togetherTeam positionsShared explorationLock speedFull tech treeHidden civsTurbo modeCheats
Victory
Defeat
🇦🇷 Bulgarians · Argentina
1004
+13
🇦🇷 Inca · Argentina
994
+13
🇦🇷 Vietnamese · Argentina
993
+13
🇦🇷 Huns · Argentina
879
+19
🇮🇩 Huns · Indonesia
987
-17
🇮🇩 Huns · Indonesia
983
-16
🇪🇸 Magyars · Spain
916
-14
🇮🇩 Japanese · Indonesia
843
-11
marcopolo
4:37 Loom
20:06 Feudal Age
21:58 Fishing Lines
27:00 Castle Age
25:58 Forging
25:53 Scale Barding Armor
26:08 Stone Mining
26:22 Double-Bit Axe
46:25 Iron Casting
46:11 Chain Barding Armor
+62 | Farhan
4:17 Loom
18:18 Feudal Age
19:21 Double-Bit Axe
19:20 Horse Collar
20:13 Man-at-Arms
20:57 Stone Mining
21:03 Gold Mining
26:21 Scale Mail Armor
26:31 Forging
27:44 Arson
32:13 Castle Age
32:17 Fletching
32:30 Padded Archer Armor
34:16 Bodkin Arrow
38:27 Gold Shaft Mining
41:54 Wheelbarrow
Sleeperis4065
7:29 Loom
19:32 Feudal Age
21:14 Fishing Lines
21:13 Man-at-Arms
22:05 Scale Mail Armor
22:15 Forging
22:46 Double-Bit Axe
25:13 Arson
33:04 Castle Age
38:38 Scale Barding Armor
39:09 Iron Casting
43:28 Long Swordsman
frankonil
7:11 Loom
15:38 Feudal Age
21:16 Castle Age
19:50 Stone Mining
20:45 Double-Bit Axe
22:21 Scale Barding Armor
25:59 Horse Collar
27:14 Gold Mining
35:22 Imperial Age
33:30 Wheelbarrow
33:38 Bow Saw
34:27 Husbandry
34:59 Hand Cart
34:41 Treadmill Crane
34:58 Town Watch
35:38 Ballistics
35:45 Heavy Plow
35:52 Corvinian Army
37:14 Chemistry
38:13 Fletching
38:24 Padded Archer Armor
38:45 Chain Barding Armor
39:23 Parthian Tactics
39:01 Bodkin Arrow
40:00 Bloodlines
40:20 Town Patrol
40:16 Elite Magyar Huszar
40:39 Elite Skirmisher
Tillo
5:03 Loom
12:31 Feudal Age
13:42 Double-Bit Axe
15:39 Horse Collar
22:12 Castle Age
20:05 Gold Mining
21:03 Fletching
23:01 Crossbowman
26:21 Thumb Ring
28:31 Ballistics
32:25 Bodkin Arrow
38:06 Imperial Age
36:11 Wheelbarrow
35:22 Town Watch
36:49 Padded Archer Armor
37:15 Bow Saw
37:13 Stone Mining
37:29 Heavy Plow
37:46 Hand Cart
37:51 Pikeman
38:32 Squires
38:33 Scale Mail Armor
38:44 Forging
40:05 Two-Man Saw
39:36 Crop Rotation
41:32 Chemistry
40:34 Capped Ram
42:09 Halberdier
43:29 Chain Mail Armor
43:50 Iron Casting
43:47 Arbalester
44:19 Elite Skirmisher
45:38 Imperial Skirmisher
47:50 Leather Archer Armor
47:35 Bracer
48:06 Plate Mail Armor
48:44 Ring Archer Armor
IDOLO MAXIMO
16:21 Feudal Age
14:38 Loom
20:25 Castle Age
22:29 Husbandry
23:35 Fletching
30:59 Thumb Ring
33:32 Bodkin Arrow
33:50 Double-Bit Axe
34:01 Double-Bit Axe
35:49 Bow Saw
35:32 Gold Mining
35:27 Horse Collar
36:30 Ballistics
37:25 Pikeman
Bisont
4:55 Loom
14:52 Feudal Age
18:49 Scale Mail Armor
19:00 Forging
20:11 Horse Collar
25:56 Castle Age
23:44 Arson
31:39 Gambesons
31:59 Squires
31:46 Gambesons
33:05 Pikeman
34:16 Double-Bit Axe
34:49 Chain Mail Armor
35:11 Iron Casting
34:45 Scale Barding Armor
38:03 Chain Barding Armor
40:28 Bow Saw
43:58 Wheelbarrow
48:13 Heavy Plow
RageAgainstTheWachin
4:04 Loom
13:22 Feudal Age
14:39 Double-Bit Axe
14:36 Horse Collar
15:57 Champi Runner
22:25 Fletching
28:06 Castle Age
34:58 Imperial Age
32:26 Pikeman
34:29 Heavy Plow
36:44 Scale Mail Armor
36:55 Forging
40:21 Conscription
40:07 Fabric Shields
40:12 Squires
40:00 Arson
42:43 Bodkin Arrow
42:49 Padded Archer Armor
43:25 Iron Casting
43:06 Chain Mail Armor
45:22 Thumb Ring
45:53 Plate Mail Armor
46:24 Blast Furnace
45:25 Bracer
45:41 Leather Archer Armor
46:19 Gold Mining
Connection lost

Rejoining the realm…

Still unreachable

The connection could not be restored.

Session expired

The server has moved on; the page needs a fresh start.